 Dungeon Crawl Stone Soup version 0.29.1-1-gd02db6906a (webtiles) character file.

Game seed: 944581803311678329

392 RogueRain17 the Chopper (level 6, -7/47 HPs)
             Began as a Demonspawn Gladiator on Sept 16, 2022.
             Was an Initiate of Makhleb.
             Mangled by a gnoll
             ... wielding a +0 halberd
             ... led by a gnoll bouda
              (8 damage)
             ... on level 4 of the Dungeon.
             The game lasted 00:15:04 (3708 turns).

RogueRain17 the Chopper (Demonspawn Gladiator)      Turns: 3708, Time: 00:15:05

Health: -7/47      AC:  8    Str: 16    XL:     6   Next: 51%
Magic:  6/6        EV:  7    Int:  9    God:    Makhleb [......]
Gold:   204        SH:  0    Dex: 15    Spells: 5/5 levels left

rFire   . . .      SeeInvis .   a - +0 war axe
rCold   . . .      Faith    .   (no shield)
rNeg    . . .      Spirit   .   b - +0 leather armour
rPois   .          Reflect  .   c - +0 helmet
rElec   .          Harm     .   (no cloak)
rCorr   .          Rampage  .   A - +0 pair of gloves
Will    .....                   (no boots)
Stlth   +.........              (no amulet)
HPRegen 0.15/turn               (no ring)
MPRegen 0.10/turn               (no ring)

@: weakened, held
A: rugged brown scales 3, powered by death 1, spiny 1
a: Renounce Religion


You were on level 4 of the Dungeon.
You worshipped Makhleb.
Makhleb was noncommittal.
You visited 2 branches of the dungeon, and saw 5 of its levels.
You also visited: Sewer.

You collected 204 gold pieces.

Inventory:

Hand Weapons
 a - a +0 war axe (weapon)
 E - the +12 spear of Wyrd {flame, Drain Int+4}
   (You found it on level 4 of the Dungeon)

   It burns those it strikes, dealing additional fire damage.
   Int:       It affects your intelligence (+4).
   Drain:     It drains your maximum health when unequipped.
 I - a +0 hand axe of flaming
Missiles
 d - 3 throwing nets
 e - a javelin
 h - 2 boomerangs (quivered)
 t - 4 poisoned darts
Armour
 b - a +0 leather armour (worn)
 c - a +0 helmet (worn)
 A - a +0 pair of gloves (worn)
Jewellery
 z - a +6 ring of strength
 D - a +6 ring of strength
Wands
 G - a wand of digging (3)
Scrolls
 f - a scroll of fear
 g - a scroll of noise {unknown}
 k - a scroll of immolation
 n - 2 scrolls of enchant armour
 o - 2 scrolls of teleportation
 v - 4 scrolls of vulnerability
 x - a scroll of poison
 y - a scroll of identify
 B - a scroll of blinking {unknown}
 H - a scroll of amnesia {unknown}
Potions
 i - a potion of attraction {unknown}
 j - 2 potions of mutation {unknown}
 l - a potion of curing {unknown}
 m - a potion of degeneration {unknown}
 p - a potion of brilliance {unknown}
 q - 2 potions of resistance {unknown}
 r - 3 potions of flight {unknown}
 s - a potion of cancellation {unknown}
 u - 4 potions of heal wounds {unknown}
 w - 2 potions of haste
 C - a potion of might {unknown}
 F - a potion of berserk rage {unknown}


   Skills:
 - Level 2.0 Fighting
 * Level 5.1 Axes
 + Level 3.4 Throwing
 + Level 4.1 Dodging


You had 5 spell levels left.
You didn't know any spells.
Your spell library contained the following spells:

 Spells                   Type           Power      Damage    Failure   Level
 Portal Projectile        Hex/Tloc       0%         N/A       83%         3
 Tukima's Dance           Hex            0%         N/A       83%         3
 Blade Hands              Tmut           0%         N/A       100%        5


Dungeon Overview and Level Annotations

Branches:
Dungeon (4/15)             Temple (1/1) D:4           Sewer (visited)

Altars:
Cheibriados
Fedhas
Gozag
Hepliaklqana
Makhleb
Nemelex Xobeh
Sif Muna
Trog
Uskayaw
Vehumet
Wu Jian
Xom

Annotations:
D:3 Sigmund


Innate Abilities, Weirdness & Mutations

You are completely covered in rugged brown scales. (AC +3, +7% HP)
You regenerate a little health from kills.
You are partially covered in sharp spines.


Message History

You closely miss the gnoll.
The gnoll bouda is struck by your spines.
The gnoll bouda hits you with a +0 whip!
The gnoll is struck by your spines. The gnoll misses you.
The gnoll bouda calls upon its god to heal the gnoll.
The gnoll is healed somewhat.
You closely miss the gnoll bouda.
The gnoll bouda is heavily wounded.
You closely miss the gnoll.
Your attacks no longer feel as feeble.
The gnoll is struck by your spines. The gnoll hits you with a +0 club.
The gnoll bouda hits you with a +0 whip.
You hit the gnoll bouda.
The gnoll bouda is severely wounded.
You hit the gnoll.
You kill the gnoll!
Makhleb accepts your kill.
The gnoll throws a throwing net.
The throwing net hits you.
You become entangled in the net!
The gnoll bouda is struck by your spines.
The gnoll bouda hits you with a +0 whip.
You struggle against the net.
The gnoll bouda gazes fiercely through you!
You feel your attacks grow feeble.
The gnoll bouda is struck by your spines.
The gnoll bouda hits you with a +0 whip.
The gnoll hits you with a +0 flail.
You struggle against the net.
The gnoll bouda hits you with a +0 whip.
The gnoll barely misses you. The gnoll hits you but does no damage.
You struggle against the net.
The gnoll bouda closely misses you.
The gnoll hits you from afar with a +0 halberd!
* * * LOW HITPOINT WARNING * * *
The gnoll hits you with a +0 flail.
* * * LOW HITPOINT WARNING * * *
Unknown command.
You struggle against the net.
The gnoll bouda hits you but does no damage.
The gnoll hits you from afar with a +0 halberd!
You die...

########
#......#
#@####.#
.....ggg# #.#
.######## #.#
#.# ..# #.#
#.# #)# #.#
#.# #.#
#.##########.
#.#
#.......)....


You could see a gnoll bouda and 2 gnolls.

Vanquished Creatures
  4 jellies (Sewer)
  An orc priest (D:4)
  Jessica (D:3)
  A gnoll (D:4)
  2 river rats (Sewer)
  8 adders
  3 worms
  3 dart slugs
  12 orcs
  16 endoplasms
  7 giant cockroaches
  3 goblins
  3 hobgoblins
  5 jackals
  4 quokkas
  5 ball pythons
  4 bats
  7 frilled lizards
  2 kobolds (D:2)
  9 rats
100 creatures vanquished.

Vanquished Creatures (others)
  A demonic plant (D:2)
  3 fungi (D:2)
  13 plants
  4 withered plants (D:2)
21 creatures vanquished.

Grand Total: 121 creatures vanquished

Notes
Turn   | Place    | Note
-------+----------+-------------------------------------------
     0 | D:1      | RogueRain17 the Demonspawn Gladiator began the quest for
                  | the Orb.
     0 | D:1      | Reached XP level 1. HP: 16/16 MP: 1/1
   111 | D:1      | Reached skill level 3 in Axes
   111 | D:1      | Gained mutation: You are partially covered in sharp spines.
                  | [demonic ancestry]
   111 | D:1      | Reached XP level 2. HP: 20/22 MP: 2/2
   553 | D:2      | Gained mutation: You are partially covered in rugged brown
                  | scales. (AC +1, +3% HP) [demonic ancestry]
   553 | D:2      | Reached XP level 3. HP: 18/27 MP: 3/3
   812 | D:2      | Found a faded altar of an unknown god.
  1433 | D:3      | Gained mutation: You are mostly covered in rugged brown
                  | scales. (AC +2, +5% HP) [demonic ancestry]
  1433 | D:3      | Reached XP level 4. HP: 20/34 MP: 4/4
  1603 | D:3      | Found a glowing drain.
  1616 | Sewer    | Entered a sewer
  1789 | Sewer    | Reached skill level 4 in Axes
  1997 | Sewer    | Gained mutation: You regenerate a little health from kills.
                  | [demonic ancestry]
  1997 | Sewer    | Reached XP level 5. HP: 38/39 MP: 5/5
  2166 | Sewer    | Found a viscous altar of Jiyva.
  2454 | Sewer    | Gained mutation: You are completely covered in rugged brown
                  | scales. (AC +3, +7% HP) [demonic ancestry]
  2454 | Sewer    | Reached XP level 6. HP: 39/47 MP: 6/6
  2594 | D:3      | Noticed Jessica
  2604 | D:3      | Killed Jessica
  2609 | D:3      | Found a shimmering blue altar of Sif Muna.
  2788 | D:3      | Noticed Sigmund
  3240 | D:4      | Identified the +12 spear of Wyrd {flame, Drain Int+4}
  3295 | D:4      | Reached skill level 5 in Axes
  3452 | D:4      | Found a staircase to the Ecumenical Temple.
  3463 | Temple   | Entered the Ecumenical Temple
  3504 | Temple   | Became a worshipper of Makhleb the Destroyer
  3707 | D:4      | HP: 1/47 [gnoll/+0 flail[a gnoll bouda] (6)]
  3708 | D:4      | Mangled by a gnoll

Illustrated notes

Levels and vault maps discovered:
D:1:      psy_arrival_dodecagon, layout_rooms, grunt_decor_arrowhead,
          minmay_misc_feat_four_crosses
D:2:      layout_loops_ring, shapermc_ecumenical_altar_gd,
          chequers_decorated_corner, minmay_tripent
D:3:      layout_loops_ring, tgw_sif, gup_sewer_entry_bubbles,
          bh_walls_and_bars, uniq_sigmund
D:4:      layout_loops_ring, minmay_temple_entry_crystal_x, serial_forest,
          infiniplex_forest_end_1, infiniplex_forest_straight_1,
          infiniplex_forest_end_3, infiniplex_forest_lined_3,
          infiniplex_forest_clump_cross
Temple:   nicolae_temple_ecumenical_triangle

Skill      XL: |  1  2  3  4  5  6 |
---------------+-------------------+-----
Axes           | 3 4 5 |  5.1
Throwing       | 2 3 |  3.4
Dodging        | 3 4 |  4.1
Fighting       | |  2.0

Action                   |  1- 3 |  4- 6 || total
-------------------------+-------+-------++-------
Melee: War axe           |    41 |   105 ||   146
       Punch             |     1 |       ||     1
Throw: Boomerang         |    41 |    53 ||    94
  Use: Scroll            |       |     9 ||     9
Armor: Leather armour    |    20 |    33 ||    53
Dodge: Dodged            |    29 |    60 ||    89
